 Dungeon Crawl Stone Soup version 0.23.2-30-g0e89c35649 (webtiles) character file.

Game seed: 2177036457815276921

79 Mrkan the Caller (level 4, 0/32 HPs)
             Began as a Gnoll Summoner on June 25, 2019.
             Succumbed to an adder's poison
             ... on level 2 of the Dungeon.
             The game lasted 00:06:43 (1543 turns).

Mrkan the Caller (Gnoll Summoner)                   Turns: 1543, Time: 00:06:43

Health: 0/32       AC:  2    Str: 11    XL:     4   Next: 37%
Magic:  7/11       EV: 15    Int: 18    God:
Gold:   50         SH:  0    Dex: 15    Spells: 10/13 levels left

rFire    . . .     SeeInvis .   e - +0 spear
rCold    . . .     Gourm    .   (no shield)
rNeg     . . .     Faith    .   a - +0 robe
rPois    .         Spirit   .   (no helmet)
rElec    .         Reflect  .   (no cloak)
rCorr    .         Harm     .   (no gloves)
MR       .....                  (no boots)
Stlth    +++.......             (no amulet)
HPRegen  0.10/turn              (no ring)
MPRegen  0.12/turn              (no ring)

@: lethally poisoned (0 -> -6)
A: distributed training, fangs 1, strong nose
a: no special abilities


You were on level 2 of the Dungeon.
You were not hungry.

You visited 1 branch of the dungeon, and saw 2 of its levels.

You collected 50 gold pieces.

Inventory:

Hand Weapons
 e - a +0 spear (weapon)
 m - a +0 hunting sling
Missiles
 f - 109 stones (quivered)
 p - 50 sling bullets
Armour
 a - a +0 robe (worn)
Magical Staves
 h - an uncursed staff of fire {unknown}
Scrolls
 b - 3 scrolls of identify {unknown}
 d - a scroll of blinking {unknown}
 g - a scroll of immolation {unknown}
 j - a scroll of teleportation {unknown}
 k - a scroll of fog {unknown}
 o - 2 scrolls of remove curse {unknown}
Potions
 i - a potion of lignification {unknown}
 n - a potion of heal wounds {unknown}
Comestibles
 c - 3 rations
 l - 2 chunks of flesh


   Skills:
 + Level 1.1 Fighting
 + Level 1.1 Short Blades
 + Level 1.1 Long Blades
 + Level 1.1 Axes
 + Level 1.1 Maces & Flails
 + Level 1.1 Polearms
 + Level 1.1 Staves
 + Level 1.1 Slings
 + Level 1.1 Bows
 + Level 1.1 Crossbows
 + Level 1.1 Throwing
 + Level 1.1 Armour
 + Level 4.6 Dodging
 + Level 4.2 Stealth
 + Level 1.1 Shields
 + Level 1.1 Unarmed Combat
 + Level 5.0 Spellcasting
 + Level 0.8 Conjurations
 + Level 0.8 Hexes
 + Level 0.8 Charms
 + Level 7.1 Summonings
 + Level 0.8 Necromancy
 + Level 0.8 Translocations
 + Level 0.8 Transmutations
 + Level 0.8 Fire Magic
 + Level 0.8 Ice Magic
 + Level 0.8 Air Magic
 + Level 0.8 Earth Magic
 + Level 0.8 Poison Magic
 + Level 1.2 Invocations
 + Level 1.1 Evocations


You had 10 spell levels left.
You knew the following spells:

 Your Spells              Type           Power        Failure   Level  Hunger
a - Summon Small Mammal   Summ           ####         1%          1    None
b - Call Imp              Summ           ####....     1%          2    #......

Your spell library contained the following spells:

 Spells                   Type           Power        Failure   Level  Hunger
 Call Canine Familiar     Summ           ####....     1%          3    ##.....
 Summon Guardian Golem    Hex/Summ       ###.....     8%          3    ##.....
 Summon Ice Beast         Ice/Summ       ###.....     26%         4    ####...
 Summon Lightning Spire   Summ/Air       ###.....     26%         4    ####...


Dungeon Overview and Level Annotations

Branches:
Dungeon (2/15)

Altars:
Cheibriados


Innate Abilities, Weirdness & Mutations

Your experience applies equally to all skills.
You have very sharp teeth.
Your uncanny sense of smell can sniff out nearby items.


Message History

Unknown command.
You closely miss the adder. The adder bites you.
* * * LOW HITPOINT WARNING * * *
You are more poisoned.
The adder poisons you!
The kobold hits something but does no damage.
The adder bites your white imp.
Your white imp misses the adder.
The adder misses you.
Casting: Call Imp (safe; 1% risk of failure)
Confirm with . or Enter, or press ? or * to list all spells.
A beastly little devil appears in a puff of flame.
* * * LOW HITPOINT WARNING * * *
You feel sick.
The adder bites your white imp but does no damage.
The kobold hits something but does no damage.
The adder closely misses you.
Your white imp hits the adder.
Your white imp freezes the adder.
You hit the adder.
The adder is moderately wounded.
You die...

...#.####.#.......#
..##.# #.+.......#
.. #.# ###.......#
.# ... #.......###
. ..# #.........###
#..# +...........#
#.. #.......#.#(#
#########5..#
#S@##K### #5##5#.#
# ##SK# ####


You could see 2 adders, a kobold, a friendly crimson imp and a friendly white
imp.

Vanquished Creatures
  A worm (D:2)
  A leopard gecko (D:2)
  6 goblins
  3 hobgoblins (D:1)
  4 bats (D:1)
  A kobold (D:1)
  2 rats
18 creatures vanquished.

Vanquished Creatures (collateral kills)
  Jessica (D:2)
  Robin (D:2)
  3 adders (D:2)
  A worm (D:2)
  19 goblins
  2 hobgoblins (D:2)
  A frilled lizard (D:1)
  4 kobolds
  3 rats
35 creatures vanquished.

Grand Total: 53 creatures vanquished

Notes
Turn   | Place    | Note
-------+----------+-------------------------------------------
     0 | D:1      | Mrkan the Gnoll Summoner began the quest for the Orb.
     0 | D:1      | Reached XP level 1. HP: 13/13 MP: 6/6
   159 | D:1      | Reached XP level 2. HP: 12/19 MP: 5/7
   361 | D:1      | Learned a level 2 spell: Call Imp
   756 | D:2      | Reached XP level 3. HP: 25/25 MP: 7/9
   849 | D:2      | Reached skill level 5 in Spellcasting
   851 | D:2      | Noticed Jessica
   897 | D:2      | Killed Jessica
   897 | D:2      | Reached skill level 1 in Invocations
  1268 | D:2      | Reached skill level 1 in Fighting
  1268 | D:2      | Reached skill level 1 in Short Blades
  1268 | D:2      | Reached skill level 1 in Long Blades
  1268 | D:2      | Reached skill level 1 in Axes
  1268 | D:2      | Reached skill level 1 in Maces & Flails
  1268 | D:2      | Reached skill level 1 in Polearms
  1268 | D:2      | Reached skill level 1 in Staves
  1268 | D:2      | Reached skill level 1 in Slings
  1268 | D:2      | Reached skill level 1 in Bows
  1268 | D:2      | Reached skill level 1 in Crossbows
  1268 | D:2      | Reached skill level 1 in Throwing
  1268 | D:2      | Reached skill level 1 in Armour
  1268 | D:2      | Reached skill level 1 in Shields
  1268 | D:2      | Reached skill level 1 in Unarmed Combat
  1268 | D:2      | Reached skill level 1 in Evocations
  1309 | D:2      | Noticed Robin
  1335 | D:2      | Killed Robin
  1335 | D:2      | Reached XP level 4. HP: 21/32 MP: 11/11
  1355 | D:2      | Found a snail-covered altar of Cheibriados.
  1542 | D:2      | HP: 1/32 [poisoned by an adder]
  1543 | D:2      | Succumbed to an adder's poison

Skill      XL: |  1  2  3 |
---------------+----------+-----
Spellcasting   | 5 |  5.0
Invocations    | 1 |  1.2
Fighting       | 1 |  1.1
Short Blades   | 1 |  1.1
Long Blades    | 1 |  1.1
Axes           | 1 |  1.1
Maces & Flails | 1 |  1.1
Polearms       | 1 |  1.1
Staves         | 1 |  1.1
Slings         | 1 |  1.1
Bows           | 1 |  1.1
Crossbows      | 1 |  1.1
Throwing       | 1 |  1.1
Armour         | 1 |  1.1
Shields        | 1 |  1.1
Unarmed Combat | 1 |  1.1
Evocations     | 1 |  1.1
Dodging        | |  4.6
Stealth        | |  4.2
Conjurations   | |  0.8
Hexes          | |  0.8
Charms         | |  0.8
Summonings     | |  7.1
Necromancy     | |  0.8
Translocations | |  0.8
Transmutations | |  0.8
Fire Magic     | |  0.8
Ice Magic      | |  0.8
Air Magic      | |  0.8
Earth Magic    | |  0.8
Poison Magic   | |  0.8

Action                   |  1- 3 |  4- 6 || total
-------------------------+-------+-------++-------
Melee: Short sword       |    33 |       ||    33
       Bite              |     3 |     3 ||     6
       Spear             |    37 |    21 ||    58
 Fire: Hunting sling     |     3 |       ||     3
 Cast: Summon Small Mamm |     9 |       ||     9
       Call Imp          |    12 |     4 ||    16
 Stab: Sleeping          |     1 |       ||     1
  Eat: Chunk             |     1 |     1 ||     2
Armor: Robe              |    18 |     5 ||    23
Dodge: Dodged            |    58 |    20 ||    78
